 Dungeon Crawl Stone Soup version 0.20.1-1-g8b1a95d (webtiles) character file.

98301 slacker the Executioner (level 15, -5/126 HPs)
             Began as a Minotaur Berserker on July 31, 2017.
             Was a High Priest of Trog.
             Killed from afar by a hell hound (16 damage)
             ... with a blast of flame
             ... led by Azrael
             ... on level 14 of the Dungeon.
             The game lasted 01:33:57 (26182 turns).

slacker the Executioner (Minotaur Berserker)       Turns: 26182, Time: 01:33:58

Health: -5/126     AC: 26    Str: 22    XL:     15   Next: 74%
Magic:  14/14      EV: 12    Int:  4    God:    Trog [*****.]
Gold:   1355       SH:  0    Dex: 16    Spells: 14/14 levels left

rFire    . . .     SeeInvis +   g - +5 executioner's axe (freeze)
rCold    + . .     Gourm    .   (shield currently unavailable)
rNeg     + . .     Faith    .   y - +4 plate armour {rC+}
rPois    .         Spirit   .   r - +2 hat {MR+}
rElec    .         Reflect  .   L - +2 cloak
rCorr    .         Harm     .   z - +0 pair of gloves
MR       +++++     Clarity  +   j - +0 pair of boots
Stlth    ..........             M - amulet of the Four Winds {rN+ MR+++ Clar}
Regen    1.4/turn               Z - ring of see invisible
MPRegen  0.2/turn               d - +2 ring of slaying

@: about to teleport, berserk cooldown, regenerating, slowed, very slow
A: retaliatory headbutt, horns 2
a: Berserk, Trog's Hand, Brothers in Arms, Burn Spellbooks, Renounce Religion


You were on level 14 of the Dungeon.
You worshipped Trog.
Trog was extremely pleased with you.
You were not hungry.

You visited 4 branches of the dungeon, and saw 23 of its levels.
You visited 1 bazaar.
You also visited: Labyrinth and Volcano.

You collected 2117 gold pieces.
You spent 762 gold pieces at shops.

Inventory:

Hand Weapons
 a - the +6 battleaxe "Eneczacw" {chop, rC+ Str-2 Int+4 Dex+3}
   (Trog gifted it to you in a volcano)

   It inflicts extra damage upon your enemies.
   It affects your strength (-2).
   It affects your intelligence (+4).
   It affects your dexterity (+3).
   It protects you from cold.
 b - a +0 blowgun
 g - a +5 executioner's axe of freezing (weapon)
 Y - the +3 demon blade of Past Mistakes {freeze, rF++ rN+}
   (You took it off a minotaur in a labyrinth)

   It has been specially enchanted to freeze those struck by it, causing extra
   injury to most foes and up to half again as much damage against particularly
   susceptible opponents.
   It can also slow down cold-blooded creatures.
   It greatly protects you from fire.
   It protects you from negative energy.
Missiles
 x - 53 poisoned needles
Armour
 j - a +0 pair of boots (worn)
 r - a +2 hat of magic resistance (worn)
 y - a +4 plate armour of cold resistance (worn)
 z - a +0 pair of gloves (worn)
 L - a +2 cloak (worn)
Jewellery
 d - a +2 ring of slaying (right hand)
 l - an uncursed ring of protection from fire
 A - a +3 ring of evasion {unknown}
 D - an uncursed ring of resist corrosion
 H - an uncursed ring of poison resistance
 J - an uncursed ring of positive energy
 M - the amulet of the Four Winds (around neck) {rN+ MR+++ Clar}
   (You bought it in a shop on level 4 of the Dungeon)

   [amulet of nothing]

   It protects you from negative energy.
   It affects your resistance to hostile enchantments.
   It protects you against confusion.
 S - an uncursed ring of protection from magic
 Z - a ring of see invisible (left hand)
Wands
 e - a wand of scattershot (5/9)
 B - a wand of confusion (22/48)
 C - a wand of iceblast (0/15)
 E - a wand of polymorph (8/24)
 G - a wand of lightning (4/15)
 I - a wand of flame (15/48)
 N - a wand of random effects (24/48)
 Q - a wand of digging (5/24)
 R - a wand of enslavement (7/24)
 U - a wand of disintegration (8/24)
Scrolls
 f - 6 scrolls of teleportation
 k - 6 scrolls of remove curse
 n - 3 scrolls of blinking
 p - 5 scrolls of enchant armour
 v - 3 scrolls of fog
 F - a scroll of holy word
 X - 3 scrolls of silence
Potions
 m - a potion of invisibility {unknown}
 o - 2 potions of lignification
 q - 6 potions of flight
 s - 9 potions of curing
 t - 3 potions of might
 u - 3 potions of resistance
 O - a potion of ambrosia {unknown}
 P - 3 potions of mutation
 T - a potion of cancellation {unknown}
 W - a potion of agility
Miscellaneous
 w - a lightning rod (4/4)
 K - a box of beasts
 V - a lamp of fire
Comestibles
 c - 9 bread rations
 i - 3 fruits


   Skills:
 + Level 10.3 Fighting
 - Level 26.0 Axes
 + Level 9.9 Armour
 + Level 9.1 Dodging


You had 14 spell levels left.
You didn't know any spells.

Dungeon Overview and Level Annotations

Branches:
Dungeon (14/15)            Temple (1/1) D:7            Lair (6/6) D:10
 Shoals (0/4) Lair:4       Spider (0/4) Lair:4        Slime (0/5) Lair:6
    Orc (2/2) D:11            Elf (0/3) Orc:2
 Vaults: D:13-14

Altars:
Ashenzari
Cheibriados
Dithmenos
Elyvilon
Fedhas
Gozag
Hepliaklqana
Kikubaaqudgha
Makhleb
Nemelex Xobeh
Okawaru
Qazlal
Ru
Sif Muna
Trog
Uskayaw
Vehumet
Xom
Yredelemnul
Zin
The Shining One

Shops:
D:4 =   D:5 *   Orc:2 (*=[

Annotations:
Lair:3 exclusion: oklob plant


Innate Abilities, Weirdness & Mutations

You reflexively headbutt those who attack you in melee.
You have a pair of horns on your head.


Message History

The centaur warrior wields an uncursed shortbow.
The centaur warrior shoots an arrow.
The arrow hits you!
* * * LOW HITPOINT WARNING * * *
Things that are here:
a scimitar of flaming; 4 arrows
As you read the scroll of teleportation, it crumbles to dust.
You feel strangely unstable. The centaur hits you with a shortbow.
* * * LOW HITPOINT WARNING * * *
The centaur wields a shortbow.
The centaur shoots an arrow.
The arrow barely misses you.
The centaur shoots an arrow.
The arrow hits you but does no damage.
The hell hound bites you but does no damage.
The centaur warrior shoots an arrow.
The arrow hits you.
* * * LOW HITPOINT WARNING * * *
The centaur barely misses you.
The centaur shoots an arrow.
The arrow hits you but does no damage.
The centaur shoots an arrow.
The arrow closely misses you. The hell hound breathes flames at you.
The blast of flame hits you!
You die...

*,*,,,**,,,,,*,,,,.........##....
*,*,*,,*,....#.#..#####......##.#
,,,,,,,,,.........#####.........#
,,,,,,,,,,............#......####
,**,,,,,,,*#.....#.##.#......#
****,,,,,***#.5.§..##.##...(.# *
**,,,** *#?Y#c.##.##.....# *
***+*** ##ch#§c(#.##.....#
****,,,,,***#.p)@cc(..(......# *
,**,*,,,*,*#Z.c.##.(####.....# *
,,*,,,,,,,#...p.##..# #.....# *
,,+,,,∩,..p.O.......#**#.....#***
,,*,,,,,..#..........,,........,,
,**,*,,,#,##..........,#########*
****,,,,,**##...###..#.**,,,,,,,,
* ***'*** ##..# #....#*,,,,,,,, *
**,,,** **,,* **,,,**,,,,,,,,


You could see 3 vault guards, a centaur warrior, a two-headed ogre, a hell
hound, a sky beast (invisible), 5 centaurs, a shadow imp and a hornet zombie.

Vanquished Creatures
  Rupert (Lair:3)
  Gastronok (D:12)
  An orc warlord (Orc:2)
  A red draconian (Volcano)
  Azrael (D:14)
  The ghost of Shiggs the Severer, a journeyman NaFi of Okawaru (D:11)
  A dire elephant (Lair:6)
  A minotaur (Lab)
  Snorg (Lair:5)
  A vault guard (D:14)
  8 hydras
  A rakshasa (D:13)
  An anaconda (Lair:6)
  2 centaur warriors
  6 two-headed ogres
  The ghost of slacker the Severer, a novice MiBe of Trog (Lair:1)
  8 death yaks (Lair:6)
  2 orc high priests (Orc:2)
  Sonja (D:13)
  An unseen horror (D:12)
  An obsidian statue (Volcano)
  6 orc knights
  3 orc sorcerers
  A deep elf mage (D:11)
  A lindwurm (shapeshifter) (D:13)
  A wolf spider zombie (D:14)
  2 manticores
  3 cyclopes
  An ugly thing (D:11)
  A merfolk siren (Lair:4)
  A centaur zombie (D:13)
  5 black mambas
  11 elephants
  Maurice (Orc:1)
  A gargoyle (D:12)
  11 spiny frogs
  2 centaur skeletons
  7 komodo dragons
  A rime drake (Lair:4)
  A jumping spider (Lair:4)
  10 trolls
  A hornet (D:13)
  A polar bear (Lair:5)
  10 slime creatures
  19 blink frogs
  A dream sheep (shapeshifter) (D:13)
  28 dream sheep
  A hornet (shapeshifter) (D:13)
  9 hippogriffs
  A spriggan (D:9)
  Sigmund (D:2)
  3 shadows (D:14)
  4 wyverns
  4 fire elementals (D:14)
  70 yaks
  2 basilisks
  7 fire bats (Volcano)
  Grum (D:8)
  11 hungry ghosts
  Edmund (D:4)
  3 wargs
  3 acid dragons (D:11)
  4 hell hounds
  13 water moccasins
  9 porcupines
  4 sky beasts
  31 orc warriors
  3 phantoms
  7 ice beasts
  2 eyes of draining
  3 black bears
  4 necrophages
  22 ogres
  7 wolves
  8 centaurs
  8 crocodiles
  4 big kobolds
  An earth elemental (Lab)
  3 gnoll sergeants (D:11)
  21 bullfrogs
  A wyvern skeleton (D:11)
  4 scorpions
  7 killer bees
  19 wights
  5 howler monkeys
  5 lava snakes (Volcano)
  9 crimson imps
  5 bullfrog zombies
  A quasit (D:5)
  13 orc priests
  4 bullfrog skeletons
  6 hounds
  4 jellies
  2 iguanas
  27 orc wizards
  9 worker ants
  A hound zombie (D:10)
  2 human simulacra (D:9)
  2 hound skeletons
  3 worker ant zombies
  5 gnolls
  13 adders
  4 shadow imps
  2 oozes
  3 adder skeletons
  2 adder zombies
  4 worms
  4 leopard geckos
  77 orcs
  9 bats
  7 giant cockroaches
  10 goblins
  6 hobgoblins
  10 jackals
  8 quokkas
  A ball python (D:2)
  7 frilled lizards
  A jackal skeleton (D:5)
  18 kobolds
  A leopard gecko skeleton (D:4)
  A quokka zombie (D:8)
  7 rats
  8 fungi
  4 plants
788 creatures vanquished.

Vanquished Creatures (collateral kills)
  An orc warlord (Orc:2)
  A troll (Orc:2)
  An orc warrior (Orc:2)
  An orc priest (Orc:2)
4 creatures vanquished.

Vanquished Creatures (others)
  A yak (D:13)
  An orc priest (D:9)
  A worker ant zombie (D:9)
  An orc (D:9)
  14 fungi
  4 plants
22 creatures vanquished.

Grand Total: 814 creatures vanquished

Notes
Turn   | Place    | Note
-------+----------+-------------------------------------------
     0 | D:1      | slacker the Minotaur Berserker began the quest for the Orb.
     0 | D:1      | Reached XP level 1. HP: 19/19 MP: 0/0
     6 | D:1      | Noticed a salamander
     6 | D:1      | Noticed a six-headed hydra
     7 | D:1      | Noticed a komodo dragon
    22 | D:1      | Reached skill level 4 in Axes
   412 | D:1      | Reached XP level 2. HP: 24/26 MP: 1/1
   812 | D:2      | Reached ** piety under Trog
   812 | D:2      | Reached skill level 5 in Axes
   829 | D:2      | Found a white marble altar of Elyvilon.
   895 | D:2      | Reached XP level 3. HP: 31/31 MP: 2/2
  1077 | D:2      | Noticed Sigmund
  1082 | D:2      | Killed Sigmund
  1082 | D:2      | Reached skill level 7 in Axes
  1082 | D:2      | Reached XP level 4. HP: 39/39 MP: 3/3
  1082 | D:2      | Reached XP level 5. HP: 45/45 MP: 4/4
  1488 | D:2      | Reached skill level 8 in Axes
  1787 | D:3      | Reached XP level 6. HP: 42/51 MP: 5/5
  2449 | D:4      | Reached skill level 9 in Axes
  2457 | D:4      | Reached *** piety under Trog
  2784 | D:4      | Reached XP level 7. HP: 57/57 MP: 6/6
  2836 | D:4      | Noticed Edmund
  2860 | D:4      | Killed Edmund
  2860 | D:4      | Reached skill level 10 in Axes
  3432 | D:4      | Found Jenus's Jewellery Shop.
  3500 | D:5      | Entered Level 5 of the Dungeon
  3579 | D:5      | Reached skill level 11 in Axes
  3622 | D:5      | Found Piesh's Practical Paraphernalia.
  4149 | D:6      | Reached XP level 8. HP: 58/64 MP: 7/7
  4343 | D:6      | Reached skill level 12 in Axes
  4678 | D:6      | Reached skill level 13 in Axes
  5164 | D:7      | Reached XP level 9. HP: 61/70 MP: 8/8
  5242 | D:7      | Reached **** piety under Trog
  5242 | D:7      | Reached skill level 14 in Axes
  5432 | D:7      | Found a staircase to the Ecumenical Temple.
  5448 | Temple   | Entered the Ecumenical Temple
  6206 | D:7      | Reached skill level 15 in Axes
  6786 | D:8      | Reached skill level 16 in Axes
  6788 | D:8      | Noticed Grum
  6795 | D:8      | Killed Grum
  6836 | D:8      | Reached ***** piety under Trog
  6836 | D:8      | Reached XP level 10. HP: 65/77 MP: 9/9
  7476 | D:4      | Bought the amulet of the Four Winds {rN+ MR+++ Clar} for 482 gold pieces
  7616 | D:9      | Reached skill level 17 in Axes
  8651 | D:9      | You fall through a shaft for 3 floors!
  8654 | D:12     | Noticed a two-headed ogre
  8663 | D:12     | Killed a two-headed ogre
  8665 | D:12     | Reached skill level 18 in Axes
  8987 | D:11     | Reached XP level 11. HP: 82/82 MP: 10/10
  9081 | D:11     | Noticed a two-headed ogre
  9089 | D:11     | Killed a two-headed ogre
  9089 | D:11     | Reached skill level 19 in Axes
  9522 | D:11     | Noticed a two-headed ogre
  9529 | D:11     | Killed a two-headed ogre
  9735 | D:11     | Noticed a red ugly thing
  9738 | D:11     | Noticed a deep elf mage
  9744 | D:11     | Killed a red ugly thing
  9750 | D:11     | Killed a deep elf mage
  9755 | D:11     | Reached skill level 20 in Axes
  9776 | D:11     | Noticed Shiggs's ghost (journeyman NaFi)
  9803 | D:11     | Killed Shiggs's ghost
 10251 | D:10     | Entered Level 10 of the Dungeon
 10349 | D:10     | Found a staircase to the Lair.
 11289 | D:10     | Reached skill level 21 in Axes
 11461 | Lair:1   | Entered Level 1 of the Lair of Beasts
 11611 | Lair:1   | Reached XP level 12. HP: 88/90 MP: 11/11
 12121 | Lair:1   | Noticed slacker's ghost (novice MiBe)
 12140 | Lair:1   | Killed slacker's ghost
 12600 | Lair:2   | Noticed a five-headed hydra
 12689 | Lair:2   | Reached skill level 22 in Axes
 13438 | Lair:2   | Killed a nine-headed hydra
 14153 | Lair:3   | Noticed a seven-headed hydra
 14161 | Lair:3   | Killed an 11-headed hydra
 14232 | Lair:3   | Noticed Rupert
 14246 | Lair:3   | Killed Rupert
 14246 | Lair:3   | Reached skill level 5 in Fighting
 14501 | Lair:4   | Reached XP level 13. HP: 65/100 MP: 12/12
 14697 | Lair:4   | Reached skill level 5 in Armour
 14784 | Lair:4   | Found a labyrinth entrance.
 14797 | Lab      | Entered a labyrinth
 14835 | Lab      | Reached skill level 5 in Dodging
 14909 | Lab      | Received a gift from Trog
 15054 | Lab      | Noticed a minotaur
 15066 | Lab      | Killed a minotaur
 15068 | Lab      | Got an iridescent demon blade {freeze}
 15083 | Lab      | Identified Fung's Handbook of Clay
 15095 | Lab      | Identified the +3 demon blade of Past Mistakes {freeze, rF++ rN+} (You took it off a minotaur in a labyrinth)
 15184 | Lair:4   | Found a dark tunnel.
 15194 | Volcano  | Entered a volcano
 15213 | Volcano  | Received a gift from Trog
 15222 | Volcano  | Got a polished battleaxe {god gift}
 15374 | Volcano  | Noticed a red draconian
 15380 | Volcano  | Found a radiant altar of Vehumet.
 15395 | Volcano  | Killed a red draconian
 15517 | Volcano  | Identified the +6 battleaxe "Eneczacw" {chop, rC+ Str-2 Int+4 Dex+3} (Trog gifted it to you in a volcano)
 15787 | Lair:4   | Found a hole to the Spider Nest.
 16240 | Lair:4   | Found a staircase to the Shoals.
 16501 | Lair:5   | Found a sparkling altar of Nemelex Xobeh.
 17073 | Lair:5   | Noticed Snorg
 17083 | Lair:5   | Killed Snorg
 17410 | Lair:5   | Reached XP level 14. HP: 106/118 MP: 13/13
 17675 | Lair:5   | Received a gift from Trog
 17886 | Lair:6   | Entered Level 6 of the Lair of Beasts
 17979 | Lair:6   | Reached skill level 23 in Axes
 18341 | Lair:6   | Found a staircase to the Slime Pits.
 18743 | Lair:6   | Reached skill level 24 in Axes
 20535 | D:11     | Found a staircase to the Orcish Mines.
 20887 | D:11     | Got a shimmering ivory amulet
 20892 | D:11     | Identified the amulet "Ilodod" {Regen+ Dex+5} (You found it on level 11 of the Dungeon)
 21330 | D:11     | Received a gift from Trog
 21396 | Orc:1    | Entered Level 1 of the Orcish Mines
 22043 | Orc:1    | Noticed Maurice
 22053 | Orc:1    | Killed Maurice
 22053 | Orc:1    | Reached XP level 15. HP: 125/125 MP: 14/14
 22112 | Orc:2    | Entered Level 2 of the Orcish Mines
 22112 | Orc:2    | Found Saexom's Antique Armour Shoppe.
 22232 | Orc:2    | Found a flickering gateway to a bazaar.
 22242 | Bazaar   | Entered a bazaar
 22242 | Bazaar   | Found Vosaav's Gadget Shoppe.
 22242 | Bazaar   | Found Vorogusk's Weapon Boutique.
 22242 | Bazaar   | Found Qopunarr's Jewellery Shoppe.
 22242 | Bazaar   | Found Zaizomiu's Armour Shop.
 22244 | Bazaar   | Found Camnue's Food Emporium.
 22244 | Bazaar   | Found Baodighi's Antique Armour Shop.
 22295 | Bazaar   | Bought a runed scarf for 280 gold pieces
 22671 | Orc:2    | Reached skill level 25 in Axes
 22681 | Orc:2    | Received a gift from Trog
 23002 | Orc:2    | Found Fir Vaut's Jewellery Shoppe.
 23207 | Orc:2    | Noticed an orc warlord
 23216 | Orc:2    | Killed an orc warlord
 23739 | Orc:2    | Noticed an orc warlord
 23752 | Orc:2    | Killed an orc warlord
 23755 | Orc:2    | Found Rihad's Antique Weapon Boutique.
 23835 | Orc:2    | Found Huky's General Store.
 23875 | Orc:2    | Found a staircase to the Elven Halls.
 24550 | D:12     | Noticed Gastronok
 24563 | D:12     | Killed Gastronok
 24991 | D:13     | Reached skill level 26 in Axes
 25475 | D:13     | Noticed Sonja
 25758 | D:13     | Killed Sonja
 26109 | D:14     | Reached skill level 10 in Fighting
 26158 | D:14     | Noticed Azrael
 26177 | D:14     | Killed Azrael
 26182 | D:14     | Killed from afar by a hell hound

Skill      XL: |  1  2  3  4  5  6  7  8  9 10 11 12 13 14 15 |
---------------+----------------------------------------------+-----
Axes           | 4 5 7 8 9 11 13 16 18 21 22 24 26 | 26.0
Fighting       | 5 9 10 | 10.3
Armour         | 4 8 9 |  9.9
Dodging        | 4 8 9 |  9.1

Action                   |  1- 3 |  4- 6 |  7- 9 | 10-12 | 13-15 || total
-------------------------+-------+-------+-------+-------+-------++-------
Melee: Hand axe          |    44 |    95 |   200 |       |       ||   339
       Headbutt          |     5 |    23 |    63 |   113 |   207 ||   411
       War axe           |       |       |    35 |       |       ||    35
       Battleaxe         |       |       |    99 |   508 |   588 ||  1195
       Demon blade       |       |       |       |       |    49 ||    49
       Executioner's axe |       |       |       |       |   195 ||   195
 Fire: Blowgun           |       |       |       |       |     2 ||     2
Invok: Berserk           |     1 |     2 |     7 |    11 |    26 ||    47
       Trog's Hand       |     1 |     1 |     6 |     7 |    26 ||    41
       Burn Spellbooks   |       |       |       |     4 |     6 ||    10
       Brothers in Arms  |       |       |       |       |     1 ||     1
Evoke: Wand              |       |       |       |     1 |     9 ||    10
  Use: Scroll            |       |       |     7 |     7 |    25 ||    39
       Potion            |       |       |       |     3 |    12 ||    15
  Eat: Chunk             |       |     9 |    20 |    17 |    22 ||    68
       Royal jelly       |       |       |     1 |     2 |     1 ||     4
       Fruit             |       |       |       |     6 |     4 ||    10
       Meat ration       |       |       |       |     3 |     3 ||     6
       Bread ration      |       |       |       |       |     8 ||     8
Armor: Animal skin       |     8 |       |       |       |       ||     8
       Skin              |     4 |    14 |       |       |       ||    18
       Scale mail        |       |    13 |     5 |       |   168 ||   186
       Chain mail        |       |       |   127 |   273 |    84 ||   484
       Leather armour    |       |       |     4 |       |       ||     4
       Plate armour      |       |       |       |       |   119 ||   119
Dodge: Dodged            |    33 |    53 |   105 |   190 |   530 ||   911
       Rpst.: Demon blade |       |       |       |       |    16 ||    16
